 Dungeon Crawl Stone Soup version 0.19-a0-1021-g80cc50c (webtiles) character file.

233 GlaceonGamingDJ the Skirmisher (level 5, -3/47 HPs)
             Began as a Minotaur Berserker on July 26, 2016.
             Was a Believer of Trog.
             Killed by nerve-wracking pain
             ... invoked by Grinder
              (14 damage)
             ... on level 3 of the Dungeon on July 27, 2016.
             The game lasted 00:16:48 (2153 turns).

GlaceonGamingDJ the Skirmisher (Minotaur Berserker) Turns: 2153, Time: 00:16:49

Health: -3/47      AC:  6    Str: 22    XL:     5   Next: 75%
Magic:  4/4        EV: 13    Int:  4    God:    Trog [**....]
Gold:   31         SH:  0    Dex: 10    Spells: 0 memorised, 4 levels left

rFire  . . .     SeeInvis .     a - +0 short sword
rCold  . . .     Gourm    .     b - +0 animal skin
rNeg   . . .     Faith    .     (no shield)
rPois  .         Spirit   .     (helmet restricted)
rElec  .         Dismiss  .     i - +0 cloak
rCorr  .         Reflect  .     (no gloves)
SustAt .         Harm     .     e - +2 pair of boots
MR     .....                    (no amulet)
Stlth  +.........               (no ring)
                                (no ring)

@: not resistant to hostile enchantments, very unstealthy
A: retaliatory headbutt, horns 2
a: Berserk, Trog's Hand, Burn Spellbooks, Renounce Religion


You were on level 3 of the Dungeon.
You worshipped Trog.
Trog was pleased with you.
You were not hungry.

You visited 1 branch of the dungeon, and saw 3 of its levels.

You collected 31 gold pieces.

Inventory:

Hand Weapons
 a - a +0 short sword (weapon)
 h - a +2 quarterstaff of chaos
Armour
 b - a +0 animal skin (worn)
 e - a +2 pair of boots (worn)
 i - a +0 cloak (worn)
Scrolls
 f - a scroll of fear {unknown}
 g - a scroll of random uselessness {unknown}
Comestibles
 c - a bread ration


   Skills:
 + Level 4.7 Fighting
 + Level 4.7 Short Blades
 + Level 3.0 Armour
 + Level 4.6 Dodging
 + Level 0.1 Stealth


You had 4 spell levels left.
You didn't know any spells.

Dungeon Overview and Level Annotations

Branches:
Dungeon (3/15)

Altars:
Kikubaaqudgha

Annotations:
D:3 Grinder


Innate Abilities, Weirdness & Mutations

You reflexively headbutt those who attack you in melee.
You have a pair of horns on your head.


Message History

The jackal is almost dead.
The jackal misses you.
The jackal bites you but does no damage.
Grinder blinks!
You hit the jackal.
You kill the jackal!
Trog accepts your kill.
The jackal bites you but does no damage.
The jackal barely misses you. You furiously retaliate!
You headbutt the jackal!
You kill the jackal!
Trog accepts your kill. Grinder hits you.
* * * LOW HITPOINT WARNING * * *
You writhe in agony.
* * * LOW HITPOINT WARNING * * *
You see here a metallic black potion.
Grinder says, "Mostly I couldn't keep them alive."
Grinder gestures at you. Pain shoots through your body!
You die...

######.## ##.##
#...# . #...# ..
#...# ... #...#
....
######...#####.....
#..................
.........5.@.......
.........†......#..
.#####...#####..#
#...# .... ......
#.# #.#...#. .
#.#...#. # ##... .


You could see Grinder.

Vanquished Creatures
  The ghost of kinggod the Charmwright, an amateur VSSk (D:3)
  Crazy Yiuf (D:2)
  Jessica (D:3)
  3 adders (D:2)
  A worm (D:2)
  A dart slug (D:1)
  2 giant geckos (D:2)
  4 bats
  7 goblins
  7 hobgoblins
  4 jackals (D:3)
  7 kobolds
  A quokka (D:2)
  4 rats
44 creatures vanquished.

Notes
Turn   | Place    | Note
-------+----------+-------------------------------------------
     0 | D:1      | GlaceonGamingDJ the Minotaur Berserker began the quest for the Orb.
     0 | D:1      | Reached XP level 1. HP: 19/19 MP: 0/0
   335 | D:1      | Reached XP level 2. HP: 27/27 MP: 1/1
  1192 | D:2      | Reached XP level 3. HP: 11/34 MP: 2/2
  1251 | D:2      | Found an ancient bone altar of Kikubaaqudgha.
  1362 | D:2      | Reached ** piety under Trog
  1765 | D:2      | Found a faded altar of an unknown god.
  1948 | D:2      | Reached XP level 4. HP: 19/41 MP: 3/3
  2004 | D:2      | Found a runed door.
  2008 | D:2      | Noticed Crazy Yiuf
  2014 | D:2      | Killed Crazy Yiuf
  2092 | D:3      | Noticed Jessica
  2097 | D:3      | Killed Jessica
  2106 | D:3      | Noticed kinggod's ghost (amateur VSSk)
  2127 | D:3      | Killed kinggod's ghost
  2127 | D:3      | Reached XP level 5. HP: 34/47 MP: 4/4
  2139 | D:3      | Noticed Grinder
  2141 | D:3      | Paralysed by Grinder for 7 turns
  2153 | D:3      | Killed from afar by Grinder

Vault maps used:
D:1:      minmay_arrival_statue_studded
D:2:      lemuel_round_altar, ecumenical_altar_1, uniq_crazy_yiuf_cottage
D:3:      kennysheep_the_goblin_king, uniq_jessica, uniq_grinder

Skill      XL: |  1  2  3  4 |
---------------+-------------+-----
Fighting       | 4 |  4.7
Armour         | 3 |  3.0
Short Blades   | 4 |  4.7
Dodging        | 4 |  4.6
Stealth        | |  0.1

Action                   |  1- 3 |  4- 6 || total
-------------------------+-------+-------++-------
Melee: Short sword       |    91 |    36 ||   127
       Headbutt          |    15 |     6 ||    21
  Use: Potion            |     3 |       ||     3
  Eat: Beef jerky        |     2 |       ||     2
       Royal jelly       |       |     1 ||     1
Armor: Animal skin       |    30 |    29 ||    59
Dodge: Dodged            |    69 |    40 ||   109
